 Dungeon Crawl Stone Soup version 0.18.1-8-gdd0e5ea (webtiles) character file.

123 dvd the Chopper (level 5, -4/45 HPs)
             Began as a Hill Orc Gladiator on June 10, 2016.
             Slain by a gnoll
             ... wielding a +0 whip
              (6 damage)
             ... on level 3 of the Dungeon.
             The game lasted 00:04:54 (1954 turns).

dvd the Chopper (Hill Orc Gladiator)                Turns: 1954, Time: 00:04:54

Health: -4/45      AC:  4    Str: 19    XL:     5   Next: 7%
Magic:  5/5        EV: 12    Int:  8    God:
Gold:   126        SH:  0    Dex: 11    Spells: 0 memorised, 4 levels left

rFire  . . .     SeeInvis .     a - +0 war axe
rCold  . . .     Gourm    .     b - +0 leather armour
rNeg   . . .     Faith    .     (no shield)
rPois  .         Spirit   .     c - +0 helmet
rElec  .         Dismiss  .     (no cloak)
rCorr  .         Reflect  .     (no gloves)
SustAt .         Harm     .     (no boots)
MR     .....                    (no amulet)
Stlth  +.........               (no ring)
                                (no ring)

@: not resistant to hostile enchantments, very unstealthy
A: no striking features
a: no special abilities


You were on level 3 of the Dungeon.
You were hungry.

You visited 1 branch of the dungeon, and saw 3 of its levels.

You collected 126 gold pieces.

Inventory:

Hand Weapons
 a - a +0 war axe (weapon)
 e - a +0 hunting sling
 s - a +0 mace
Missiles
 d - 3 throwing nets (quivered)
 p - 12 tomahawks
Armour
 b - a +0 leather armour (worn)
 c - a +0 helmet (worn)
Scrolls
 g - a scroll of enchant armour {unknown}
 h - 3 scrolls of remove curse {unknown}
 i - a scroll of noise {unknown}
 m - 4 scrolls of teleportation {unknown}
 n - a scroll of magic mapping {unknown}
 t - 2 scrolls of identify {unknown}
 v - 3 scrolls of fog {unknown}
Potions
 l - a potion of resistance {unknown}
 o - a potion of curing {unknown}
 q - a potion of agility {unknown}
 r - a potion of degeneration {unknown}
 u - a potion of might {unknown}
Books
 j - a book of Unlife

   Spells                             Type                      Level
   a - Recall                         Summoning/Translocation      3
   b - Animate Dead                   Necromancy                   4
   c - Control Undead                 Necromancy                   4
   d - Cigotuvi's Embrace             Necromancy                   5
   e - Death Channel                  Necromancy                   6
   f - Simulacrum                     Ice/Necromancy               6
Comestibles
 f - 2 bread rations
 k - a slice of pizza


   Skills:
 + Level 3.3 Fighting
 + Level 5.2 Axes
 + Level 2.0 Throwing
 + Level 2.1 Armour
 + Level 3.1 Dodging


You had 4 spell levels left.
You didn't know any spells.

Dungeon Overview and Level Annotations

Branches:
Dungeon (3/15)

Altars:
Fedhas
Ru


Message History

The gnoll is lightly wounded.
The gnoll hits you with a whip.
* * * LOW HITPOINT WARNING * * *
The gnoll hits you with a whip.
* * * LOW HITPOINT WARNING * * *
You slash the gnoll!
The gnoll is severely wounded.
The gnoll barely misses you.
You closely miss the gnoll.
The gnoll is severely wounded.
The gnoll hits you but does no damage.
You barely miss the gnoll.
The gnoll is severely wounded.
The gnoll hits you but does no damage.
You closely miss the gnoll.
The gnoll is severely wounded.
The gnoll hits you with a whip.
* * * LOW HITPOINT WARNING * * *
The gnoll hits you with a whip.
You die...

...##########
......g@....# ### #.>
...########.##########..
#.# #............. #.#
############.. #.# #..
#.# ############# ###..
#.# #.....(.....# ##....
..###.#########.#######
##.....
...<..................#
##.[....


You could see a gnoll.

Vanquished Creatures
  4 adders
  2 gnolls (D:3)
  2 dart slugs (D:1)
  A giant gecko (D:3)
  4 orcs (D:3)
  3 giant cockroaches
  4 goblins
  6 hobgoblins
  2 jackals (D:2)
  3 quokkas (D:3)
  2 ball pythons
  10 bats
  A giant newt (D:2)
  8 kobolds
  7 rats
59 creatures vanquished.

Notes
Turn   | Place    | Note
--------------------------------------------------------------
     0 | D:1      | dvd the Hill Orc Gladiator began the quest for the Orb.
     0 | D:1      | Reached XP level 1. HP: 18/18 MP: 1/1
   115 | D:1      | Reached XP level 2. HP: 24/25 MP: 2/2
   491 | D:1      | Reached skill level 1 in Armour
   491 | D:1      | Reached XP level 3. HP: 30/30 MP: 3/3
   681 | D:2      | Found a sacrificial altar of Ru.
  1174 | D:2      | Reached XP level 4. HP: 37/37 MP: 4/4
  1355 | D:3      | Found a blossoming altar of Fedhas.
  1760 | D:3      | Reached skill level 5 in Axes
  1948 | D:3      | Reached XP level 5. HP: 15/45 MP: 5/5
  1954 | D:3      | HP: 2/45 [gnoll/whip (4)]
  1954 | D:3      | Slain by a gnoll

Skill      XL: |  1  2  3  4 |
---------------+-------------+-----
Throwing       | 2 |  2.0
Armour         | 1 2 |  2.1
Fighting       | 3 |  3.3
Axes           | 5 |  5.2
Dodging        | 3 |  3.1

Action                   |  1- 3 |  4- 6 || total
-------------------------+-------+-------++-------
Melee: War axe           |   116 |    85 ||   201
  Eat: Chunk             |     1 |     2 ||     3
Armor: Leather armour    |    51 |    20 ||    71
Dodge: Dodged            |   100 |    49 ||   149
